 Dungeon Crawl Stone Soup version 0.23.1 (webtiles) character file.

Game seed: 10550017137569655215

28 Kairos the Sneak (level 3, 18/18 HPs)
             Began as a Vine Stalker Assassin on Mar 17, 2019.
             Quit the game on level 1 of the Dungeon.
             The game lasted 00:01:52 (971 turns).

Kairos the Sneak (Vine Stalker Assassin)             Turns: 971, Time: 00:01:53

Health: 18/18      AC:  4    Str: 13    XL:     3   Next: 12%
Magic:  4/4        EV: 11    Int: 11    God:
Gold:   43         SH:  0    Dex: 16    Spells: 2/2 levels left

rFire    . . .     SeeInvis .   a - +2 dagger
rCold    . . .     Gourm    .   (no shield)
rNeg     . . .     Faith    .   j - +0 leather armour
rPois    .         Spirit   +   (no helmet)
rElec    .         Reflect  .   d - +0 cloak
rCorr    .         Harm     .   (no gloves)
MR       .....                  (no boots)
Stlth    +++.......             (no amulet)
HPRegen  0.06/turn              (no ring)
MPRegen  0.09/turn              (no ring)

@: no status effects
A: fangs 2, magic shield, antimagic bite, no potion heal 3, rot immunity
a: no special abilities


You were on level 1 of the Dungeon.
You were not hungry.

You visited 1 branch of the dungeon, and saw 1 of its levels.

You collected 43 gold pieces.

Inventory:

Hand Weapons
 a - a +2 dagger (weapon)
 b - a +0 blowgun
Missiles
 e - 8 poisoned needles
 f - 2 curare-tipped needles
 h - 6 needles of confusion
 k - 2 throwing nets (quivered)
Armour
 c - a +0 robe
 d - a +0 cloak (worn)
 j - a +0 leather armour (worn)
Scrolls
 i - a scroll of fear
Comestibles
 g - 2 rations


   Skills:
 + Level 2.0 Fighting
 + Level 2.1 Short Blades
 + Level 1.8 Throwing
 + Level 0.2 Armour
 + Level 0.7 Dodging
 + Level 5.6 Stealth


You had 2 spell levels left.
You didn't know any spells.
Your spell library was empty.

Dungeon Overview and Level Annotations

Branches:
Dungeon (1/15)

Altars:


Innate Abilities, Weirdness & Mutations

You have extremely sharp teeth.
When hurt, damage is shared between your health and your magic reserves.
Your bite disrupts and absorbs the magic of your enemies.
Potions cannot restore your health.
You are immune to rotting.


Message History

No target in view!
No target in view!
No target in view!
No target in view!
No target in view!
You now have 43 gold pieces (gained 14).
l - a scroll labeled FOIBYTI CEIFO
There is a stone staircase leading down here.
Done exploring.
Done exploring.
No target in view!
Done exploring.
Done exploring.
As you read the scroll labeled XAECVIRACESCH, it crumbles to dust.
You assume a fearsome visage.
Nothing appears to happen.
It was a scroll of fear.
As you read the scroll labeled FOIBYTI CEIFO, it crumbles to dust.
You feel blessed for a moment.
It was a scroll of remove curse.
You aren't carrying any potions.
Are you sure you want to abandon this character and quit the game? (Confirm with "yes".)

#..# ###.##..#....).#.#.#.#)
#..# #.......#.....##.#.#.##
#..# #.#.##..#.......⌠#.#⌠..
#..# #.#.#####..#######.####
#..###.#...............<....
#...........##..#######.####
#.####.####.##.†.....⌠#.#⌠..
#.# #.# ##.##.....##.#.#.##
#.# #.# #.@.#......#.#.#.#.
#.# ##.###.####.......#.#...
#.# #...##.# #.#............
#.# #.#.##.# #..#...........
#.# #...##.# ##########.####
#.# ##.###>## #..#.##...#.#
#.###..##...###..#.#.###..#
#.##......#.........## ##.#
#......##..)###.....# #.#


There were no monsters in sight!

Vanquished Creatures
  2 dart slugs (D:1)
  A leopard gecko (D:1)
  4 bats (D:1)
  A giant cockroach (D:1)
  A goblin (D:1)
  4 hobgoblins (D:1)
  3 kobolds (D:1)
  2 frilled lizards (D:1)
  2 rats (D:1)
20 creatures vanquished.

Notes
Turn   | Place    | Note
-------+----------+-------------------------------------------
     0 | D:1      | Kairos the Vine Stalker Assassin began the quest for the
                  | Orb.
     0 | D:1      | Reached XP level 1. HP: 11/11 MP: 2/2
    14 | D:1      | Reached skill level 5 in Stealth
    63 | D:1      | Reached XP level 2. HP: 14/15 MP: 3/3
   363 | D:1      | Reached XP level 3. HP: 9/18 MP: 1/4
   971 | D:1      | Quit the game

Skill      XL: |  1  2 |
---------------+-------+-----
Stealth        | 5 |  5.6
Fighting       | 2 |  2.0
Short Blades   | 2 |  2.1
Throwing       | |  1.8
Armour         | |  0.2
Dodging        | |  0.7

Action                   || total
-------------------------++-------
Melee: Dagger            ||    56
       Bite              ||     7
  Use: Scroll            ||     2
 Stab: Sleeping          ||     7
Armor: Robe              ||     3
       Leather armour    ||    19
Dodge: Dodged            ||    36
